 Seeded DCSS version 0.27-a0-1188-g73eefd5def (webtiles) character file.

Game seed: 16767568107801894396 (custom seed)

78 Shayle the Skirmisher (level 4, -2/35 HPs)
             Began as a Demonspawn Warper on May 20, 2021.
             Slain by a hobgoblin (3 damage)
             ... on level 2 of the Dungeon.
             The game lasted 00:05:41 (2440 turns).

Shayle the Skirmisher (Demonspawn Warper)           Turns: 2440, Time: 00:05:41

Health: -2/35      AC:  3    Str: 11    XL:     4   Next: 15%
Magic:  7/7        EV: 11    Int: 14    God:
Gold:   94         SH:  0    Dex: 16    Spells: 7/7 levels left

rFire    . . .     SeeInvis .   a - +0 falchion
rCold    . . .     Faith    .   (no shield)
rNeg     . . .     Spirit   .   b - +0 leather armour
rPois    .         Reflect  .   (no helmet)
rElec    .         Harm     .   (no cloak)
rCorr    .         Rampage  .   (no gloves)
Will     .....                  (no boots)
Stlth    +++.......             (no amulet)
HPRegen  0.11/turn              (no ring)
MPRegen  0.10/turn              (no ring)

@: very slightly contaminated
A: thin skeletal structure 1, powered by death 1, powered by pain 1
a: no special abilities


You were on level 2 of the Dungeon.
You visited 1 branch of the dungeon, and saw 2 of its levels.

You collected 94 gold pieces.

Inventory:

Hand Weapons
 a - a +0 falchion (weapon)
Missiles
 e - a boomerang of dispersal (quivered)
 f - 9 poisoned darts
Armour
 b - a +0 leather armour (worn)
 g - a +0 scale mail
Jewellery
 c - a ring of magical power


   Skills:
 + Level 3.2 Fighting
 + Level 3.0 Long Blades
 - Level 0.8 Throwing
 - Level 0.8 Armour
 - Level 1.7 Dodging
 + Level 1.1 Stealth
 - Level 2.0 Spellcasting
 - Level 2.6 Translocations


You had 7 spell levels left.
You didn't know any spells.
Your spell library contained the following spells:

 Spells                   Type           Power      Damage    Failure   Level
 Apportation              Tloc           16%        N/A       11%         1
 Blink                    Tloc           N/A        N/A       16%         2
 Animate Skeleton         Necr           2%         N/A       30%         1
 Beastly Appendage        Tmut           2%         N/A       30%         1
 Corona                   Hex            1%         N/A       30%         1
 Summon Small Mammal      Summ           4%         N/A       30%         1
 Gell's Gravitas          Tloc           4%         N/A       30%         3
 Lesser Beckoning         Tloc           4%         N/A       30%         3
 Teleport Other           Tloc           8%         N/A       30%         3
 Wereblood                Tmut           1%         N/A       43%         2
 Spider Form              Tmut/Pois      0%         N/A       67%         3
 Manifold Assault         Tloc           8%         N/A       96%         5
 Ice Form                 Ice/Tmut       1%         N/A       97%         4
 Hydra Form               Tmut           0%         N/A       100%        5


Dungeon Overview and Level Annotations

Branches:
Dungeon (2/15)

Altars:

Shops:
D:1 !   D:2 :!(


Innate Abilities, Weirdness & Mutations

You have a somewhat thin skeletal structure. (Dex +2, Stealth+)
You regenerate a little health from kills.
You sometimes gain a little power by taking damage.


Message History

You feel sick.
A rat comes into view.
You feel sick.
You are no longer poisoned.
It was a potion of invisibility.
You fade into invisibility!
The jackal barely misses you. The jackal closely misses you.
You riposte.
You catch the helpless jackal completely off-guard!
You hit the jackal.
The jackal is moderately wounded.
You are very lightly contaminated with residual magic.
As you read the scroll labelled BEANEEBU QEMI, it crumbles to dust.
Magic quickly surges around you.
It was a scroll of vulnerability.
The adder closely misses you.
You hit the adder but do no damage.
The adder is heavily wounded.
The adder bites you.
* * * LOW HITPOINT WARNING * * *
The adder barely misses you.
You catch the helpless adder completely off-guard!
You hit the adder.
The adder is heavily wounded.
A bat comes into view.
The bat moves out of view.
Found a scythe.
You see here a +0 scythe.
An endoplasm comes into view.
You flicker for a moment.
You flicker back into view.
A hobgoblin comes into view.
The hobgoblin shouts!
You feel your willpower return. The hobgoblin hits you.
* * * LOW HITPOINT WARNING * * *
You closely miss the hobgoblin. The hobgoblin misses you.
Unknown command.
You hit the hobgoblin.
The hobgoblin is severely wounded.
The hobgoblin hits you.
You die...

#####
##########
.....########
#.........
............#
#........)
......g.....#
#.........
.......@..J.#
#.........
##.###+####.#
#......... #.#
#......... #.#
#......... #.#
#.........
#J###.........
#.............
#.###.........
#.# #.........


You could see an endoplasm and a hobgoblin.

Vanquished Creatures
  Jessica (D:2)
  A worm (D:2)
  2 dart slugs (D:1)
  3 ball pythons
  An endoplasm (D:2)
  2 giant cockroaches (D:1)
  A goblin (D:2)
  3 hobgoblins (D:1)
  11 jackals (D:1)
  A kobold (D:1)
  5 quokkas
  3 bats (D:1)
  A frilled lizard (D:1)
  4 rats
39 creatures vanquished.

Notes
Turn   | Place    | Note
-------+----------+-------------------------------------------
     0 | D:1      | Shayle the Demonspawn Warper began the quest for the Orb.
     0 | D:1      | Reached XP level 1. HP: 16/16 MP: 3/3
   645 | D:1      | Gained mutation: You regenerate a little health from kills.
                  | [demonic ancestry]
   645 | D:1      | Reached XP level 2. HP: 23/23 MP: 5/5
  1369 | D:1      | Gained mutation: You have a somewhat thin skeletal
                  | structure. (Dex +2, Stealth+) [demonic ancestry]
  1369 | D:1      | Reached XP level 3. HP: 19/28 MP: 6/6
  1557 | D:1      | Found Diutwad's Distillery.
  2049 | D:2      | Found Teehij's Book Shoppe.
  2069 | D:2      | Noticed Jessica
  2082 | D:2      | Killed Jessica
  2083 | D:2      | Reached skill level 1 in Stealth
  2083 | D:2      | Gained mutation: You sometimes gain a little power by
                  | taking damage. [demonic ancestry]
  2083 | D:2      | Reached XP level 4. HP: 23/35 MP: 7/7
  2184 | D:2      | Found Yhugen's Distillery.
  2209 | D:2      | Found Xeatox's Weapon Boutique.
  2405 | D:2      | HP: 1/35 [adder (2)]
  2438 | D:2      | HP: 1/35 [hobgoblin (4)]
  2440 | D:2      | Slain by a hobgoblin

Illustrated notes

Levels and vault maps discovered:
D:1:      dpeg_arrival_pits, layout_loops_ring, serial_shops, shop,
          minmay_pentomino_w4
D:2:      layout_basic, serial_shops, nicolae_shop_behind_doors, shop,
          shop_statue, shop, nicolae_shop_statue_plus,
          shapermc_ecumenical_altar_totnotflames, uniq_jessica

Skill      XL: |  1  2  3  4 |
---------------+-------------+-----
Long Blades    | 2 3 |  3.0
Fighting       | 3 |  3.2
Stealth        | 1 |  1.1
Throwing       | |  0.8
Armour         | |  0.8
Dodging        | |  1.7
Spellcasting   | |  2.0
Translocations | |  2.6

Action                   |  1- 3 |  4- 6 || total
-------------------------+-------+-------++-------
Melee: Falchion          |   135 |    23 ||   158
Throw: Boomerang         |       |     4 ||     4
  Use: Scroll            |       |     2 ||     2
       Potion            |       |     1 ||     1
 Stab: Sleeping          |     1 |     2 ||     3
       Invisible         |       |     2 ||     2
Armor: Leather armour    |    42 |     7 ||    49
Dodge: Dodged            |   108 |    18 ||   126
       Rpst.: Falchion   |    43 |     7 ||    50

Table legend: (Time is in decaauts)
 A = Elapsed time spent in this place.
 B = Non-inter-level travel time spent in this place.
 C = Inter-level travel time spent in this place.
 D = Time resting spent in this place.
 E = Time spent auto-exploring this place.
 F = Levels seen in this place.
 G = Mean time per level.
                   A        B        C        D        E       F      G
               +--------+--------+--------+--------+--------+-----+--------+
         Total |   2469 |   2447 |     22 |   1072 |    667 |   2 | 1234.5 |
       Dungeon |   2469 |   2447 |     22 |   1072 |    667 |   2 | 1234.5 |
               +--------+--------+--------+--------+--------+-----+--------+

Top non-repeatable levels by time:
     D:1: 2045 daAuts
     D:2: 423 daAuts
